 Dungeon Crawl Stone Soup version 0.30.1-11-g7821555f0a (webtiles) character file.

Game seed: 13948290965423095365

130371 Ekaitz the Stormcaller (level 17, 0/102 HPs)
             Began as a Tengu Air Elementalist on Dec 21, 2023.
             Was a High Priest of Vehumet.
             Slain by a mana viper (3 damage)
             ... led by a naga ritualist
             ... on level 2 of the Snake Pit.
             The game lasted 01:37:06 (31464 turns).

Ekaitz the Stormcaller (Tengu Air Elementalist)    Turns: 31464, Time: 01:37:07

Health: 0/102      AC: 15    Str:  5    XL:     17   Next: 7%
Magic:  20/43      EV: 29    Int: 24    God:    Vehumet [*****.]
Gold:   4162       SH:  9    Dex: 30    Spells: 5/38 levels left

rFire   + + .        Z - +4 scimitar (flame)
rCold   + . .        J - +1 buckler {rC+}
rNeg    . . .        s - +2 robe {Will+}
rPois   .            f - +3 hat of Pondering {ponderous, Will+ MP+10 Int+5}
rElec   .            Y - +2 cloak
rCorr   .            I - +0 pair of fencer's gloves {Riposte Dex+3}
SInv    +            (boots unavailable)
Will    +++..        P - amulet of the acrobat
Stlth   +++++        K - +4 ring of protection
HPRegen 0.37/turn    O - ring of Sif Muna's Scorn {rF++ Int-2 Dex+6 Stlth+}
MPRegen 0.28/turn

%: acrobat
@: lethally poisoned (0 -> -2), flying quickly and evasively
A: beak, talons 3, nimble flight, see invisible, agile 1, weak 1, noise
suppression
a: Renounce Religion


You were on level 2 of the Snake Pit.
You worshipped Vehumet.
Vehumet was extremely pleased with you.
You visited 4 branches of the dungeon, and saw 23 of its levels.
You also visited: Sewer, Bailey and Ice Cave.

You collected 4562 gold pieces.
You spent 400 gold pieces at shops.

Inventory:

Hand Weapons
 n - a +2 long sword of holy wrath
 w - a +3 dagger of venom
 Z - a +4 scimitar of flaming (weapon)
Missiles
 p - 78 poisoned darts
 H - 3 curare-tipped darts
 V - 14 atropa-tipped darts
Armour
 f - the +3 hat of Pondering (worn) {ponderous, Will+ MP+10 Int+5}
   (You took it off Gastronok on level 3 of the Lair of Beasts)

   Int:       It affects your intelligence (+5).
   MP:        It affects your magic capacity (+10).
   Will:      It increases your willpower.
 s - a +2 robe of willpower (worn)
 t - a +1 leather armour of resistance
 I - the +0 pair of fencer's gloves (worn) {Riposte Dex+3}
   (You bought it in a shop on level 4 of the Dungeon)

   Riposte:   It allows the wearer to riposte with melee weapons, swiftly
   retaliating against missed or blocked melee attacks.
   Dex:       It affects your dexterity (+3).
 J - a +1 buckler of cold resistance (worn)
 Y - a +2 cloak (worn)
Magical Staves
 a - a staff of air
Jewellery
 k - a ring of willpower
 y - a ring of fire
 K - a +4 ring of protection (left hand)
 L - a ring of resist corrosion
 N - a ring of ice
 O - the ring of Sif Muna's Scorn (right hand) {rF++ Int-2 Dex+6 Stlth+}
   (You found it on level 7 of the Dungeon)

   [ring of dexterity]

   Int:       It affects your intelligence (-2).
   Dex:       It affects your dexterity (+6).
   rF:        It greatly protects you from fire.
   Stlth:     It makes you more stealthy.
 P - an amulet of the acrobat (around neck)
Wands
 l - a wand of mindburst (6)
 x - a wand of light (17)
 M - a wand of polymorph (12)
 Q - a wand of iceblast (6)
 S - a wand of digging (3)
 T - a wand of flame (21)
 X - a wand of charming (28)
Scrolls
 c - 11 scrolls of teleportation
 d - 5 scrolls of poison
 e - 5 scrolls of amnesia
 i - 4 scrolls of immolation
 j - 8 scrolls of magic mapping
 m - a scroll of brand weapon
 o - 7 scrolls of fog
 v - 4 scrolls of enchant weapon
 A - a scroll of blinking
 C - a scroll of enchant armour
 U - 6 scrolls of fear
Potions
 b - a potion of magic
 h - 4 potions of heal wounds
 q - 2 potions of invisibility
 r - 11 potions of curing
 u - 7 potions of cancellation
 B - 3 potions of haste
 D - 2 potions of ambrosia
 E - a potion of mutation
 F - 6 potions of berserk rage
 R - 3 potions of might
Miscellaneous
 g - a lightning rod (4/4)
 z - a box of beasts


   Skills:
 * Level 10.3 Fighting
 + Level 5.1(5.5) Short Blades
 + Level 2.9(4.4) Long Blades
 + Level 1.0 Staves
 + Level 1.0 Throwing
 * Level 11.7 Dodging
 + Level 6.1 Stealth
 * Level 8.7 Shields
 + Level 11.4 Spellcasting
 + Level 12.6 Conjurations
 + Level 5.3 Translocations
 * Level 7.6 Fire Magic
 * Level 19.5 Air Magic
 + Level 0.2 Poison Magic
 * Level 7.0 Evocations


You had 5 spell levels left.
You knew the following spells:

 Your Spells              Type           Power      Damage    Failure   Level
a - Shock                 Conj/Air       100%       1d9       0%          1
b - Static Discharge      Conj/Air       100%       2-7/arc   0%          2
c - Swiftness             Air            82%        N/A       0%          3
d - Airstrike             Air            41%        2d(6-22)  0%          4
e - Vhi's Electric Charg  Tloc/Air       100%       N/A       1%          3
f - Arcjolt               Conj/Air       37%        1d47      1%          5
g - Plasma Beam           Fire/Air       34%        2x1d51    1%          6
h - Mephitic Cloud        Conj/Pois/Air  60%        N/A       1%          3
i - Starburst             Conj/Fire      29%        6d9       4%          6

Your spell library contained the following spells:

 Spells                   Type           Power      Damage    Failure   Level
 Flame Wave               Conj/Fire      58%        2d14      1%          4
 Apportation              Tloc           78%        N/A       1%          1
 Foxfire                  Conj/Fire      100%       2x1d9     1%          1
 Freeze                   Ice            52%        1d6       1%          1
 Kiss of Death            Conj/Necr      100%       2d13      1%          1
 Hailstorm                Conj/Ice       44%        3d10      1%          3
 Volatile Blastmotes      Fire/Tloc      90%        2d17      1%          3
 Fulminant Prism          Conj/Hex       22%        3d12      1%          4
 Iskenderun's Mystic Bla  Conj/Tloc      54%        2d12      1%          4
 Fireball                 Conj/Fire      29%        3d13      1%          5
 Gell's Gravitas          Tloc           39%        N/A       2%          3
 Teleport Other           Tloc           39%        N/A       2%          3
 Silence                  Hex/Air        28%        N/A       3%          5
 Irradiate                Conj/Tmut      22%        3d19      4%          5
 Frozen Ramparts          Ice            26%        1d4       5%          3
 Necrotise                Necr           52%        1d6       7%          1
 Slow                     Hex            52%        N/A       7%          1
 Summon Small Mammal      Summ           52%        N/A       7%          1
 Portal Projectile        Hex/Tloc       52%        N/A       7%          3
 Passage of Golubria      Tloc           39%        N/A       8%          4
 Sublimation of Blood     Necr           13%        N/A       11%         2
 Confusing Touch          Hex            13%        N/A       21%         3
 Ozocubu's Armour         Ice            13%        N/A       21%         3
 Tukima's Dance           Hex            13%        N/A       21%         3
 Vampiric Draining        Necr           13%        2d6       21%         3
 Lee's Rapid Deconstruct  Erth           6%         3d6*      41%         5
 Yara's Violent Unravell  Hex/Tmut       6%         3d5       41%         5
 Summon Forest            Summ/Tloc      13%        N/A       54%         5
 Dispel Undead            Necr           13%        3d9       56%         4
 Leda's Liquefaction      Hex/Erth       6%         N/A       56%         4
 Petrify                  Tmut/Erth      13%        N/A       56%         4
 Summon Ice Beast         Ice/Summ       13%        N/A       56%         4
 Alistair's Intoxication  Tmut/Pois      9%         N/A       88%         5
 Blade Hands              Tmut           6%         N/A       88%         5
 Metabolic Englaciation   Hex/Ice        6%         N/A       88%         5
 Summon Mana Viper        Hex/Summ       13%        N/A       88%         5
 Dispersal                Tloc           19%        N/A       75%         6
 Eringya's Noxious Bog    Tmut/Pois      7%         N/A       91%         6
 Lehudib's Crystal Spear  Conj/Erth      22%        10d6      99%         8
 Statue Form              Tmut/Erth      8%         N/A       100%        6
 Monstrous Menagerie      Summ           6%         N/A       100%        7
 Ozocubu's Refrigeration  Ice            6%         4d8       100%        7
 Summon Hydra             Summ           6%         N/A       100%        7


Dungeon Overview and Level Annotations

Branches:
Dungeon (15/15)            Temple (1/1) D:6            Lair (5/5) D:11
 Shoals (0/4) Lair:2        Snake (2/4) Lair:3        Slime (0/5) Lair:4
    Orc (0/2) D:12         Vaults (0/5) D:14         Depths (0/4) D:15
  Sewer (visited)          Bailey (visited)           IceCv (visited)

Altars:
Ashenzari
Cheibriados
Dithmenos
Elyvilon
Fedhas
Gozag
Hepliaklqana
Kikubaaqudgha
Makhleb
Nemelex Xobeh
Okawaru
Qazlal
Ru
Sif Muna
Trog
Uskayaw
Vehumet
Wu Jian
Xom
Yredelemnul
Zin
The Shining One
Jiyva
Lugonu

Shops:
D:4 [   Snake:1 (

Portals:
Abyss: Lair:5

Annotations:
Lair:4 1 runed translucent door, Rangus's ghost, journeyman GnWn
Snake:2 Vashnia


Innate Abilities, Weirdness & Mutations

You have a beak for a mouth.
You have claws for feet.
Your magical nature lets you fly swiftly and evasively.
You have supernaturally acute eyesight. (SInv)
You are agile. (Dex +4, Str/Int -1)
You are weak. (Str -2)
You passively dampen the noise of your surroundings.


Message History

The naga sharpshooter unwields a +0 long sword.
The naga sharpshooter wields a +0 shortbow.
The naga sharpshooter gestures wildly while chanting.
Casting: Starburst (dangerous; 4% risk of failure)
Confirm with . or Enter, or press ? or * to list all spells.
Electricity surges outward!
Vashnia is struck by an electric surge!
Vashnia is severely wounded.
The naga sharpshooter is struck by an electric surge!
You kill the naga sharpshooter!
Vehumet accepts your kill.
You feel your power returning.
The naga sharpshooter is struck by an electric surge!!!
You kill the naga sharpshooter!
Vehumet accepts your kill.
You feel your power returning.
The black mamba is struck by an electric surge.
The black mamba is moderately wounded.
The naga sharpshooter is struck by an electric surge!
The naga sharpshooter is heavily wounded.
You feel sick.
Vashnia casts a spell.
Vashnia magically shoots an arrow.
The arrow hits you!! The black mamba completely misses you.
Your Evocations skill increases to level 7!
Casting: Arcjolt (safe; 1% risk of failure)
Confirm with . or Enter, or press ? or * to list all spells.
Electricity surges outward!
The mana viper is struck by an electric surge!!
The mana viper is heavily wounded.
Vashnia is struck by an electric surge!!
Vashnia is almost dead.
The black mamba is struck by an electric surge.
The black mamba is moderately wounded.
The naga sharpshooter is struck by an electric surge!
The naga sharpshooter is severely wounded.
You feel sick. The black mamba completely misses you.
Vashnia shoots an arrow.
The arrow hits you!!!
* * * LOW HITPOINT WARNING * * *
The mana viper bites you.
You die...

#####
#)S@#
#.NS#
#....N)
#..#.....
...
..#####
.. .## #
.# ..


You could see Vashnia, a naga sharpshooter, a mana viper and a black mamba.

Vanquished Creatures
  Jorgrun (D:14)
  Rupert (D:12)
  Gastronok (Lair:3)
  Kirke (Lair:3)
  2 frost giants (IceCv)
  An orc warlord (Bailey)
  A white draconian (IceCv)
  Snorg (Lair:4)
  Josephine (Lair:3)
  4 ice dragons (IceCv)
  A rakshasa (D:14)
  8 vault guards (D:14)
  2 centaur warriors
  5 hydras
  A death knight (D:14)
  An anaconda (Snake:1)
  3 boulder beetles
  2 two-headed ogres
  A catoblepas (D:15)
  8 ironbound frosthearts (IceCv)
  A satyr (shapeshifter) (Lair:5)
  2 naga warriors (Snake:1)
  5 tengu warriors
  19 death yaks
  3 thrashing horrors (Lair:5)
  9 naga sharpshooters
  A shock serpent (Snake:1)
  Nergalle (Lair:2)
  8 skeletal warriors
  Lodul (D:11)
  A naga ritualist (Snake:1)
  An orc knight (D:15)
  An orange crystal statue (IceCv)
  2 deep elf pyromancers
  5 lindwurms
  A wolf spider (D:15)
  A phantasmal warrior (D:14)
  7 cyclopes
  A wolf spider (shapeshifter) (Lair:5)
  12 ugly things
  5 salamanders (Snake:1)
  2 guardian serpents (Snake:1)
  19 black mambas
  4 elephants (Lair:5)
  An eye of devastation (shapeshifter) (D:15)
  3 cane toads (Lair:2)
  4 naga magi
  2 smoke demons (Lair:5)
  3 gargoyles
  6 komodo dragons
  A kobold demonologist (D:10)
  A rime drake (shapeshifter) (Lair:5)
  A freezing wraith (D:14)
  A yaktaur (shapeshifter) (D:15)
  4 yaktaurs (D:15)
  12 rime drakes
  2 efreet
  3 ancient zymes (Lair:5)
  10 polar bears
  A hornet (Lair:4)
  3 trolls
  2 large abominations (Lair:5)
  21 blink frogs
  A centaur simulacrum (D:15)
  14 slime creatures
  Sigmund (D:6)
  A shadow (D:11)
  A vampire (D:13)
  5 wraiths (Lair:3)
  2 wyverns
  A ynoxinul (Lair:5)
  59 yaks
  8 basilisks
  15 vampire mosquitoes
  3 hogs (Lair:3)
  3 steam dragons
  A chaos spawn (Lair:5)
  Menkaure (D:7)
  14 nagas
  2 wargs
  2 acid dragons
  14 water moccasins
  Pargi (Sewer)
  22 orc warriors
  10 small abominations (Lair:5)
  4 black bears
  2 sky beasts (D:7)
  15 ogres
  3 boggarts (D:15)
  11 centaurs
  8 kobold brigands
  4 bullfrogs
  3 gnoll sergeants
  A scorpion (D:4)
  12 wights
  10 killer bees
  An electric eel (Lair:5)
  2 howler monkeys
  4 hounds
  3 jellies
  4 orc priests
  A sleepcap (D:6)
  2 gnoll boudas
  2 iguanas
  Jessica (D:2)
  8 orc wizards
  Robin (D:4)
  32 gnolls
  13 adders
  An ufetubus (D:5)
  A worm (D:2)
  A dart slug (D:3)
  39 orcs
  6 endoplasms
  4 giant cockroaches
  22 goblins
  9 hobgoblins
  2 jackals (D:1)
  5 quokkas
  10 ball pythons
  4 bats
  8 frilled lizards
  43 kobolds
  6 rats
728 creatures vanquished.

Vanquished Creatures (collateral kills)
  An ugly thing (D:14)
1 creature vanquished.

Vanquished Creatures (others)
  A tengu conjurer (D:15)
1 creature vanquished.

Grand Total: 730 creatures vanquished

Notes
Turn   | Place    | Note
-------+----------+-------------------------------------------
     0 | D:1      | Ekaitz the Tengu Air Elementalist began the quest for the
                  | Orb.
     0 | D:1      | Reached XP level 1. HP: 10/10 MP: 4/4
   153 | D:1      | Reached XP level 2. HP: 15/15 MP: 3/6
   157 | D:1      | Learned a level 2 spell: Static Discharge
   909 | D:1      | Reached XP level 3. HP: 20/20 MP: 7/7
   913 | D:1      | Learned a level 3 spell: Swiftness
  1036 | D:2      | Reached skill level 1 in Fighting
  1152 | D:2      | Noticed Jessica
  1155 | D:2      | Killed Jessica
  1156 | D:2      | Reached skill level 5 in Air Magic
  1156 | D:2      | Reached XP level 4. HP: 14/25 MP: 5/8
  2365 | D:3      | Gained mutation: Your magical nature lets you fly swiftly
                  | and evasively. [Tengu growth]
  2365 | D:3      | Reached XP level 5. HP: 11/29 MP: 2/9
  2766 | D:3      | Found a broken altar of Ashenzari.
  3085 | D:4      | Found a white marble altar of Elyvilon.
  3236 | D:4      | Found Kiwkoeg's Armour Shop.
  3415 | D:4      | Reached XP level 6. HP: 31/36 MP: 3/11
  3458 | D:4      | Learned a level 4 spell: Airstrike
  3459 | D:4      | Found a glowing drain.
  3721 | Sewer    | Entered a sewer
  3734 | Sewer    | Noticed Pargi
  3834 | Sewer    | Killed Pargi
  3835 | Sewer    | Reached XP level 7. HP: 27/40 MP: 4/12
  3920 | D:4      | Reached skill level 6 in Air Magic
  4055 | D:4      | Noticed Robin
  4062 | D:4      | Killed Robin
  4348 | D:5      | Entered Level 5 of the Dungeon
  4380 | D:5      | Reached skill level 1 in Short Blades
  4612 | D:5      | Reached skill level 5 in Conjurations
  4618 | D:5      | Reached skill level 7 in Air Magic
  4867 | D:5      | Reached XP level 8. HP: 36/46 MP: 9/14
  4941 | D:5      | Learned a level 3 spell: Vhi's Electric Charge
  5558 | D:6      | Reached skill level 1 in Translocations
  5627 | D:6      | Noticed Sigmund
  5632 | D:6      | Killed Sigmund
  5633 | D:6      | Reached skill level 8 in Air Magic
  6049 | D:6      | Reached XP level 9. HP: 52/52 MP: 3/16
  6122 | D:6      | Reached skill level 5 in Dodging
  6233 | D:4      | Bought the +0 pair of fencer's gloves {Riposte Dex+3} for
                  | 400 gold pieces
  6233 | D:4      | Found the +0 pair of fencer's gloves {Riposte Dex+3}
  6882 | D:6      | Found a staircase to the Ecumenical Temple.
  6891 | Temple   | Entered the Ecumenical Temple
  7244 | D:6      | Found an opulent altar of Gozag.
  8150 | D:7      | Identified the ring of Sif Muna's Scorn {rF++ Int-2 Dex+6
                  | Stlth+}
  8289 | D:7      | Reached skill level 1 in Shields
  8372 | D:7      | Noticed Menkaure
  8378 | D:7      | Killed Menkaure
  8379 | D:7      | Reached skill level 9 in Air Magic
  8417 | D:7      | Reached skill level 5 in Spellcasting
  8625 | D:7      | Reached XP level 10. HP: 45/58 MP: 8/18
  9101 | D:8      | Reached skill level 5 in Stealth
  9111 | D:8      | Reached skill level 5 in Fighting
  9389 | D:8      | Reached skill level 10 in Air Magic
 10966 | D:9      | Found a snail-covered altar of Cheibriados.
 11137 | D:9      | Reached XP level 11. HP: 64/64 MP: 1/21
 11446 | D:9      | Reached skill level 11 in Air Magic
 11741 | D:9      | Noticed a two-headed ogre
 11760 | D:9      | Killed a two-headed ogre
 11920 | D:9      | Found a glowing silver altar of Zin.
 12205 | D:10     | Entered Level 10 of the Dungeon
 12300 | D:10     | Found a flagged portal.
 12383 | Bailey   | Entered a bailey
 12420 | Bailey   | Learned a level 5 spell: Arcjolt
 12445 | Bailey   | Noticed an orc warlord
 12693 | Bailey   | Found a runed translucent gate.
 12717 | Bailey   | Found a runed translucent gate.
 12719 | Bailey   | Found a runed translucent gate.
 13049 | Bailey   | Killed an orc warlord
 13050 | Bailey   | Reached skill level 10 in Conjurations
 14041 | D:10     | Found a blossoming altar of Fedhas.
 14041 | D:10     | Found a burning altar of Makhleb.
 14041 | D:10     | Found a radiant altar of Vehumet.
 14051 | D:10     | Became a worshipper of Vehumet
 14149 | D:11     | Found a staircase to the Lair.
 14171 | D:11     | Reached skill level 12 in Air Magic
 14176 | D:10     | Reached XP level 12. HP: 35/70 MP: 1/24
 14872 | Lair:1   | Entered Level 1 of the Lair of Beasts
 15137 | Lair:1   | Reached * piety under Vehumet
 15137 | Lair:1   | Offered knowledge of Magic Dart by Vehumet.
 16153 | Lair:2   | Reached skill level 13 in Air Magic
 16218 | Lair:2   | Reached skill level 5 in Translocations
 16233 | Lair:2   | Noticed Nergalle
 16678 | Lair:2   | Killed Nergalle
 16821 | Lair:2   | Reached skill level 5 in Shields
 16824 | Lair:2   | Found a staircase to the Shoals.
 16987 | Lair:2   | Gained mutation: You have supernaturally acute eyesight.
                  | (SInv) [potion of mutation]
 16987 | Lair:2   | Gained mutation: You have hidden genetic potential. [potion
                  | of mutation]
 16987 | Lair:2   | Gained mutation: You are weak. (Str -2) [potion of
                  | mutation]
 17008 | Lair:2   | You are sucked into a shaft and drop 2 floors!
 17010 | Lair:4   | Found a runed translucent door.
 17012 | Lair:4   | Noticed Rangus's ghost (journeyman GnWn)
 17012 | Lair:4   | Identified the +8 trident of Ru, Riding {speed, rElec Will-
                  | rCorr Dex-2}
 17034 | Lair:4   | Reached skill level 1 in Evocations
 17246 | Lair:3   | Noticed Josephine
 17253 | Lair:3   | Killed Josephine
 17254 | Lair:3   | Reached XP level 13. HP: 52/76 MP: 5/26
 17256 | Lair:3   | Offered knowledge of Poisonous Vapours by Vehumet.
 17257 | Lair:3   | Reached ** piety under Vehumet
 17383 | Lair:3   | Noticed Gastronok
 17447 | Lair:3   | Killed Gastronok
 17448 | Lair:3   | Reached skill level 14 in Air Magic
 18298 | Lair:3   | Noticed Kirke
 18310 | Lair:3   | Killed Kirke
 18500 | Lair:3   | Found a staircase to the Snake Pit.
 18601 | Lair:3   | Identified the +10 quarterstaff "Makkuoz" {antimagic, rElec
                  | rC+ Will- Dex+7}
 19253 | Lair:4   | Noticed Snorg
 19263 | Lair:4   | Killed Snorg
 19263 | Lair:4   | Offered knowledge of Inner Flame by Vehumet.
 19288 | Lair:3   | Gained mutation: You are agile. (Dex +4, Str/Int -1)
                  | [hidden potential]
 19292 | Lair:3   | Reached skill level 1 in Throwing
 19458 | Lair:4   | Found a staircase to the Slime Pits.
 19458 | Lair:4   | Found a viscous altar of Jiyva.
 19630 | Lair:4   | Found a shimmering altar of Xom.
 19869 | Lair:4   | Found a shadowy altar of Dithmenos.
 20262 | Lair:5   | Entered Level 5 of the Lair of Beasts
 20351 | Lair:5   | Reached *** piety under Vehumet
 20829 | Lair:5   | Learned a level 6 spell: Plasma Beam
 20882 | Lair:5   | Reached skill level 1 in Long Blades
 20882 | Lair:5   | Reached skill level 15 in Air Magic
 20882 | Lair:5   | Reached XP level 14. HP: 55/84 MP: 28/28
 20995 | Lair:5   | Reached skill level 1 in Fire Magic
 21217 | Lair:5   | Offered knowledge of Sticky Flame by Vehumet.
 21281 | Lair:5   | Gained mutation: You passively dampen the noise of your
                  | surroundings. [hidden potential]
 21281 | Lair:5   | Lost mutation: You have hidden genetic potential. [hidden
                  | potential expressed]
 21292 | Lair:5   | Reached **** piety under Vehumet
 21464 | Lair:5   | Offered knowledge of Mephitic Cloud by Vehumet.
 21472 | Lair:5   | Learned a level 3 spell: Mephitic Cloud
 22186 | Lair:5   | Reached skill level 10 in Dodging
 22242 | Lair:5   | Reached skill level 16 in Air Magic
 22596 | Lair:5   | Found a corrupted altar of Lugonu.
 22596 | Lair:5   | Found a one-way gate to the infinite horrors of the Abyss.
 22932 | Lair:5   | Acquired 950 gold pieces
 23075 | D:11     | Reached skill level 5 in Evocations
 23267 | D:11     | Noticed Lodul
 23270 | D:11     | Killed Lodul
 23495 | D:11     | Reached XP level 15. HP: 90/90 MP: 22/29
 24149 | D:12     | Reached ***** piety under Vehumet
 24149 | D:12     | Offered knowledge of Starburst by Vehumet.
 24398 | D:12     | Noticed Rupert
 24405 | D:12     | Killed Rupert
 24523 | D:12     | Reached skill level 10 in Spellcasting
 24575 | D:12     | Reached skill level 17 in Air Magic
 24957 | D:12     | Found a staircase to the Orcish Mines.
 25439 | D:13     | Reached skill level 5 in Fire Magic
 25954 | D:13     | Reached skill level 1 in Staves
 26418 | D:14     | Noticed Jorgrun
 26435 | D:14     | Killed Jorgrun
 26600 | D:14     | Found a frozen archway.
 26624 | D:14     | Acquired 706 gold pieces
 26834 | IceCv    | Entered an ice cave
 27241 | IceCv    | Noticed a frost giant
 27243 | IceCv    | Noticed a frost giant
 27248 | IceCv    | Reached skill level 18 in Air Magic
 27249 | IceCv    | Killed a frost giant
 27249 | IceCv    | Killed a frost giant
 27378 | IceCv    | Identified the +1 hat "Uhaojo" {-Cast rPois Str+5 Stlth+}
 27408 | IceCv    | Reached XP level 16. HP: 96/96 MP: 31/31
 27417 | IceCv    | Learned a level 6 spell: Starburst
 27969 | D:14     | Offered knowledge of Flame Wave by Vehumet.
 28134 | D:14     | Found a gate to the Vaults.
 28604 | D:14     | Acquired 698 gold pieces
 28815 | D:15     | Entered Level 15 of the Dungeon
 29015 | D:15     | Found a shadowy altar of Dithmenos.
 29049 | D:15     | Found an iron altar of Okawaru.
 29054 | D:15     | Identified the +0 pair of boots of the Crypt {Fly}
 29344 | D:15     | Reached skill level 19 in Air Magic
 29390 | D:15     | Found a staircase to the Depths.
 29982 | Snake:1  | Entered Level 1 of the Snake Pit
 30006 | Snake:1  | Found a shimmering altar of Xom.
 30026 | Snake:1  | Reached skill level 10 in Fighting
 30105 | Snake:1  | Reached skill level 5 in Short Blades
 30313 | Snake:1  | Found Jus Edi's Weapon Shoppe.
 31090 | Snake:1  | Reached XP level 17. HP: 99/102 MP: 33/33
 31458 | Snake:2  | Noticed Vashnia
 31464 | Snake:2  | HP: 3/102 [Vashnia/arrow (36)]
 31464 | Snake:2  | Slain by a mana viper

Illustrated notes

Levels and vault maps discovered:
D:1:      onia_arrival_pentagram, layout_loops_corners
D:2:      layout_loops_ring, uniq_jessica
D:3:      minmay_chambers_of_threes, layout_rooms, general_overflow_altar,
          columned_hall_lemuel
D:4:      layout_gridville, mainiacjoe_overflow_brackets, serial_shops, shop,
          gup_sewer_entry_bowl, uniq_robin
D:5:      layout_basic
D:6:      kennysheep_housing_project, layout_basic,
          mainiacjoe_overflow_alcove_4, minmay_temple_entry_statues_fountains,
          uniq_sigmund
D:7:      layout_cave_pools, uniq_menkaure
D:8:      layout_layer_cave
D:9:      layout_basic, lemuel_round_altar, mainiacjoe_overflow_paths
D:10:     layout_loops_cross, gammafunk_temple_overflow_claw, enter_bailey_2,
          chequers_serial_rivers_small_3
D:11:     layout_irregular_city, minmay_lair_entry_grove, uniq_lodul
D:12:     layout_roguey [special_room_orc], david_orc_1_choice, uniq_rupert
D:13:     layout_grid_maze, palyth_stone_intersect, corexii_hall_statues_x
D:14:     layout_irregular_city, erik_vaults_2, portal_ice_cave_entry_pillars_2,
          uniq_jorgrun
D:15:     hangedman_depths_entry_try_elsewhere_first, layout_loops_ring,
          basic_altar, grunt_dithmenos_smoke_and_mirrors
Temple:   nicolae_temple_two_arcs
Lair:1:   layout_roguey, nicolae_lair_lindhole
Lair:2:   layout_cave_pods, minmay_shoals_entry_centaurs, grunt_megastairs_1,
          uniq_nergalle
Lair:3:   layout_loops_ring, minmay_snake_entry_guardpost_small, uniq_gastronok,
          uniq_josephine, uniq_kirke
Lair:4:   layout_roguey, slime_entry_1, ebering_ghost_funeral_grove,
          basic_altar, lemuel_centaur_altar, grunt_megastairs_5, uniq_snorg
Lair:5:   hellmonk_lair_end_abyssal_woods, layout_misc_corridors,
          serial_bayou_shore_a
Snake:1:  layout_cave_pods, serial_shops, shop, basic_altar
Snake:2:  nicolae_snake_nest, layout_misc_corridors, uniq_vashnia

Skill      XL: |  1  2  3  4  5  6  7  8  9 10 11 12 13 14 15 16 17 |
---------------+----------------------------------------------------+-----
Fighting       | 1 2 3 4 5 6 7 8 9 10 | 10.3
Conjurations   | 2 3 4 5 6 7 8 10 11 12 | 12.6
Air Magic      | 5 7 8 9 10 12 13 15 16 18 19 | 19.5
Dodging        | 3 4 6 7 8 9 10 11 | 11.7
Stealth        | 3 4 5 6 |  6.1
Spellcasting   | 3 4 5 6 7 8 9 10 11 | 11.4
Short Blades   | 1 2 4 5 |  5.1
Translocations | 1 2 3 4 5 |  5.3
Shields        | 1 3 4 5 6 7 8 |  8.7
Evocations     | 1 3 5 6 7 |  7.0
Throwing       | 1 |  1.0
Long Blades    | 1 2 |  2.9
Fire Magic     | 4 6 7 |  7.6
Staves         | 1 |  1.0
Poison Magic   | |  0.2

Action                     |  1- 3 |  4- 6 |  7- 9 | 10-12 | 13-15 | 16-18 || total
---------------------------+-------+-------+-------+-------+-------+-------++-------
  Melee: Dagger            |    12 |    36 |    66 |    36 |   129 |    89 ||   368
         Kick              |     3 |    11 |    19 |   134 |   154 |    92 ||   413
         Peck              |     1 |     1 |    18 |    76 |    86 |    49 ||   231
         Punch             |       |     3 |     1 |       |       |       ||     4
         Short sword       |       |       |       |   145 |     4 |       ||   149
         Scimitar          |       |       |       |     3 |    23 |    24 ||    50
         Long sword        |       |       |       |       |    16 |       ||    16
         Staff             |       |       |       |       |     1 |       ||     1
  Throw: Dart              |       |       |       |     5 |    18 |       ||    23
   Cast: Shock             |    24 |   101 |   108 |   193 |    40 |       ||   466
         Static Discharge  |     2 |    12 |    27 |    47 |     8 |       ||    96
         Airstrike         |       |       |    15 |    75 |   242 |    35 ||   367
         Vhi's Electric Ch |       |       |     6 |    16 |    34 |    17 ||    73
         Arcjolt           |       |       |       |    21 |    73 |    47 ||   141
         Swiftness         |       |       |       |     1 |       |       ||     1
         Plasma Beam       |       |       |       |       |    27 |    23 ||    50
         Mephitic Cloud    |       |       |       |       |     9 |     3 ||    12
         Starburst         |       |       |       |       |       |     2 ||     2
    Use: Scroll            |       |       |       |    14 |    10 |     4 ||    28
         Potion            |       |       |       |     1 |     1 |     1 ||     3
   Stab: Sleeping          |     7 |     6 |     6 |     6 |     1 |     9 ||    35
         Invisible         |       |       |       |       |    11 |       ||    11
         Confused          |       |       |       |       |     2 |     2 ||     4
         Distracted        |       |       |       |       |     1 |       ||     1
 Armour: Robe              |     3 |    16 |    18 |    42 |    41 |    25 ||   145
  Dodge: Dodged            |     6 |    46 |   129 |   226 |   290 |   162 ||   859
  Block: Buckler           |       |       |     2 |    90 |   105 |    66 ||   263
Riposte: Dagger            |       |       |     7 |    16 |    61 |    32 ||   116
         Short sword       |       |       |       |    75 |     1 |       ||    76
         Staff             |       |       |       |     8 |    35 |     1 ||    44
         Scimitar          |       |       |       |     1 |     9 |     9 ||    19
         Long sword        |       |       |       |       |     3 |       ||     3
